 Dungeon Crawl Stone Soup version 0.26-a0-642-g67e99244d3 (webtiles) character file.

Game seed: 15896561853903882261

368 DogServant the Ruffian (level 6, -2/51 HPs)
             Began as a Draconian Transmuter on Sept 22, 2020.
             Was an Initiate of Okawaru.
             Slain by a sky beast (6 damage)
             ... on level 5 of the Dungeon.
             The game lasted 00:06:43 (3965 turns).

DogServant the Ruffian (Draconian Transmuter)       Turns: 3965, Time: 00:06:43

Health: -2/51      AC:  6    Str: 13    XL:     6   Next: 41%
Magic:  8/9        EV: 12    Int: 14    God:    Okawaru [......]
Gold:   123        SH:  0    Dex: 12    Spells: 3/9 levels left

rFire    . . .     SeeInvis .     - Unarmed
rCold    . . .     Faith    .   (no shield)
rNeg     . . .     Spirit   .   (armour unavailable)
rPois    .         Reflect  .   (helmet currently unavailable)
rElec    .         Harm     .   (no cloak)
rCorr    .         Rampage  .   (no gloves)
MR       .....                  (boots currently unavailable)
Stlth    +.........             (no amulet)
HPRegen  0.17/turn              (no ring)
MPRegen  0.11/turn              (no ring)

@: appendages, drained
A: unfitting armour, horns 2, talons 2, cold-blooded, AC +6
a: End Transformation, Renounce Religion


You were on level 5 of the Dungeon.
You worshipped Okawaru.
Okawaru was noncommittal.
You had grown temporary horns.
You had grown temporary talons.
You visited 1 branch of the dungeon, and saw 5 of its levels.

You collected 123 gold pieces.

Inventory:

Jewellery
 b - an uncursed amulet of magic regeneration {unknown}
 i - a +6 ring of intelligence {unknown}
Scrolls
 a - 2 scrolls of remove curse
 c - a scroll of enchant armour {unknown}
 f - 2 scrolls of immolation {unknown}
 j - 9 scrolls of identify {unknown}
 k - 5 scrolls of teleportation {unknown}
 l - a scroll of amnesia {unknown}
 m - a scroll of enchant weapon {unknown}
 o - a scroll of blinking
Potions
 e - a potion of degeneration {unknown}
 g - a potion of stabbing {unknown}
 h - 2 potions of might {unknown}
 n - a potion of magic {unknown}


   Skills:
 - Level 3.5(2.6) Fighting
 + Level 2.3(1.4) Dodging
 + Level 5.3(4.3) Unarmed Combat
 - Level 2.0(1.1) Spellcasting
 + Level 3.4(2.5) Transmutations
 + Level 1.3(0.5) Poison Magic


You had 3 spell levels left.
You knew the following spells:

 Your Spells              Type           Power        Failure   Level
a - Beastly Appendage     Tmut           #.....       10%         1
b - Wereblood             Tmut           #.......     14%         2
c - Spider Form           Tmut/Pois      #.........   38%         3

Your spell library contained the following spells:

 Spells                   Type           Power        Failure   Level
 Ice Form                 Ice/Tmut       #.......     83%         4
 Blade Hands              Tmut           #.........   95%         5


Dungeon Overview and Level Annotations

Branches:
Dungeon (4/15)
 Temple: D:4-7

Altars:
Kikubaaqudgha
Okawaru
Vehumet
Yredelemnul


Innate Abilities, Weirdness & Mutations

Your plain brown scales are hard. (AC +6)
You cannot fit into any form of body armour.
You are cold-blooded and may be slowed by cold attacks.
You have a pair of horns on your head.
You have razor-sharp toenails.


Message History

* * * LOW HITPOINT WARNING * * *
You closely miss something. Something hits you but does no damage.
You feel better.
Your horns disappear.
Your talons disappear.
Something hits you but does no damage.
You barely miss something. Something hits you but does no damage.
You miss something. Something hits you but does no damage.
You closely miss something.
Your tail-slap misses something.
Your punch misses something. Something hits you but does no damage.
Casting: Beastly Appendage (safe; 10% risk of failure)
Confirm with . or Enter, or press ? or * to list all spells.
You grow a pair of large bovine horns.
Your feet morph into talons.
Something hits you.
* * * LOW HITPOINT WARNING * * *
Something shocks you.
* * * LOW HITPOINT WARNING * * *
You feel better. Something hits you.
* * * LOW HITPOINT WARNING * * *
Something shocks you.
You die...

#..#...<.
...#....)
####...#.....
###...#........
###.....#........
#.......#........
.!...........$.
...#........#
#.#.@.######
####..{..#
##........#####.
#..$...)....>...
#.....#.)).#.....
#....####†###....
#.... #...# ##..
##.## ##...# ##
#....#


There were no monsters in sight!

Vanquished Creatures
  A scorpion (D:4)
  A howler monkey (D:4)
  A hound (D:4)
  Terence (D:3)
  An orc wizard (D:4)
  2 worker ants (D:4)
  A hound skeleton (D:4)
  5 adders
  An adder skeleton (D:4)
  A worm (D:4)
  A dart slug (D:3)
  3 leopard geckos
  16 orcs
  2 giant cockroaches
  6 goblins
  11 hobgoblins
  3 jackals (D:3)
  5 kobolds
  4 quokkas
  A ball python (D:5)
  3 bats
  7 frilled lizards
  5 rats
82 creatures vanquished.

Notes
Turn   | Place    | Note
-------+----------+-------------------------------------------
     0 | D:1      | DogServant the Draconian Transmuter began the quest for the
                  | Orb.
     0 | D:1      | Reached XP level 1. HP: 16/16 MP: 3/3
   192 | D:1      | Reached XP level 2. HP: 23/24 MP: 3/5
   899 | D:2      | Found a radiant altar of Vehumet.
  1055 | D:2      | Found an iron altar of Okawaru.
  1100 | D:2      | Became a worshipper of Warmaster Okawaru
  1287 | D:2      | Reached XP level 3. HP: 24/30 MP: 4/6
  1792 | D:3      | Found an ancient bone altar of Kikubaaqudgha.
  2065 | D:3      | Noticed Terence
  2087 | D:3      | Killed Terence
  2087 | D:3      | Reached skill level 4 in Unarmed Combat
  2087 | D:3      | Reached XP level 4. HP: 21/38 MP: 7/7
  2091 | D:3      | Learned a level 2 spell: Wereblood
  2095 | D:3      | Learned a level 3 spell: Spider Form
  3136 | D:4      | Found a basalt altar of Yredelemnul.
  3152 | D:4      | Reached XP level 5. HP: 36/45 MP: 1/8
  3499 | D:4      | Reached skill level 5 in Unarmed Combat
  3606 | D:4      | Reached XP level 6. HP: 43/51 MP: 7/9
  3612 | D:4      | Reached skill level 1 in Poison Magic
  3917 | D:4      | You fall into a shaft and drop 1 floor!
  3917 | D:5      | Entered Level 5 of the Dungeon
  3938 | D:5      | Noticed a sky beast
  3964 | D:5      | HP: 2/51 [something (6)]
  3965 | D:5      | Slain by a sky beast

Illustrated notes

Levels and vault maps discovered:
D:1:      sevenhm_arrival_forest_fort_small_3, layout_basic, nrook_loot_triangle
D:2:      layout_basic, nicolae_overflow_hidden_temple,
          overflow_temple_1_default, okawaru_trees_2
D:3:      layout_basic, lemuel_round_altar, uniq_terence
D:4:      layout_rooms, yredelemnul_altar_generic
D:5:      layout_cave_pools, slow_altar_2, serial_shops, shop,
          uniq_blork_the_orc

Skill      XL: |  1  2  3  4  5  6 |
---------------+-------------------+-----
Fighting       | 2 3 |  3.5
Unarmed Combat | 4 5 |  5.3
Transmutations | 3 |  3.4
Dodging        | 2 |  2.3
Poison Magic   | 1 |  1.3
Spellcasting   | |  2.0

Action                   |  1- 3 |  4- 6 || total
-------------------------+-------+-------++-------
Melee: Unarmed           |   108 |   170 ||   278
       Headbutt          |    11 |    18 ||    29
       Kick              |    16 |    33 ||    49
       Tailslap          |     8 |    18 ||    26
       Punch             |     2 |     3 ||     5
 Cast: Beastly Appendage |    23 |    20 ||    43
       Wereblood         |       |     4 ||     4
  Use: Potion            |     2 |     2 ||     4
       Scroll            |       |     2 ||     2
 Stab: Sleeping          |     1 |       ||     1
Armor: Skin              |    23 |    46 ||    69
Dodge: Dodged            |    60 |    91 ||   151

Table legend: (Time is in decaauts)
 A = Elapsed time spent in this place.
 B = Non-inter-level travel time spent in this place.
 C = Inter-level travel time spent in this place.
 D = Time resting spent in this place.
 E = Time spent auto-exploring this place.
 F = Levels seen in this place.
 G = Mean time per level.
                   A        B        C        D        E       F      G
               +--------+--------+--------+--------+--------+-----+--------+
         Total |   3943 |   3855 |     88 |   1013 |   2274 |   5 |  788.6 |
       Dungeon |   3943 |   3855 |     88 |   1013 |   2274 |   5 |  788.6 |
               +--------+--------+--------+--------+--------+-----+--------+

Top non-repeatable levels by time:
     D:3: 1375 daAuts
     D:2: 850 daAuts
     D:1: 845 daAuts
     D:4: 826 daAuts
     D:5: 45 daAuts
